← All builds
Geo sea / Legion / Economy first / OBSERVED BUILD

Standard geo sea

Baseline cove-side sea play: bot lab then shipyard in the cove around 3:06, first Syracusia by 5:04, geothermal on time around 7:42 and an Advanced Metal Extractor to build up eco, transitioning into more Syracusia and Argonaut over the…

Usually shipyard in the cove (95%) · geo on time (90%)

#naval #eco · 20 distinct matches · 10 players · 40% of Legion Geo sea games · team won 45% of 20 · Recently observed

HOW TO PLAY IT

Key timing: First Syracusia by 5:18

  1. Take 3 mex and open into wind while starting the bot lab.
  2. Rush the bot lab finish for early defense on the coast.
  3. Get the shipyard up to start frigate production.
  4. Push the first Syracusia frigate out for sea control.
  5. Layer geothermal and advanced mex, then keep feeding the Syracusia navy.

Phase by phase

TYPICAL OF ITS 20 GAMES · AGAINST STANDARD GEO SEA
  1. 1
  2. 2
  3. 3
  4. 4
PLAY THE OPENING

Follow the example game's first 6:00 step by step: what to build now, what comes next, and where it goes. At 1× it keeps pace with your own game.

  1. 1

    Up to the Legion Bot Lab

    Economy
    • Metal Extractor3Mex
    Order
    1. Legion Bot LabLegion Bot Lab after 3 mexdone ~1:07, middle half 1:04–1:13

    Some games also: wind (50%) · solar (45%) · wind for allies (30%)

    The standard build makes here, this one skips: 3 wind

    By 0:50 in all: 3 mex

    The example game in this phase · 5 steps
    1. Mex ×2
    2. Wind
    3. Mex
    4. Wind ×3
    5. Legion Bot LabLegion Bot Labdone 1:12 · typical 1:07
  2. 2

    Legion Bot Lab to Shipyard

    Economy
    • Metal Extractor1Mex
    Order
    1. ShipyardShipyard after 4 mex, 4 wind, 1 solardone ~3:06, middle half 2:36–3:52
    Builders
    • Zagreus3 Zagreus
    • Legion Construction Bot3 Legion Construction Bot

    Some games also: wind (50%) · con turret (40%) · Goblin (35%) · energy storage (30%) · Toxotai (30%)

    The standard build makes here, this one skips: 3 wind · 2 Toxotai

    By 2:38 in all: 4 mex · 4 wind · 1 solar

    The example game in this phase · 12 steps
    1. Legion Construction BotLegion Construction Bot
    2. Solar
    3. Legion Construction BotLegion Construction Bot
    4. Wind
    5. Legion Construction BotLegion Construction Bot
    6. Wind
    7. Mex
    8. ZagreusZagreus ×2
    9. GoblinGoblin
    10. Mex
    11. Converter
    12. ShipyardShipyarddone 3:07 · typical 3:06
  3. 3

    Shipyard to 5:00

    Economy
    • Metal Extractor4Mex
    • Wind Turbine2Wind
    Builders
    • Construction Ship1 Con ship
    Army
    • Pharos1 Pharos
    • Argonaut2 Argonaut
    • Syracusia1 Syracusia

    Some games also: converter (50%) · con turret (45%) · Radar Tower (45%) · Legion Drone (40%) · Hippocampus (40%)

    The standard build makes here, this one skips: 2 converter · 2 Radar Tower

    By 5:00 in all: 8 mex · 4 wind (standard 9) · 1 solar · 1 energy storage · 1 con turret

    The example game in this phase · 19 steps
    1. Mex
    2. Construction ShipCon ship
    3. Wind
    4. Radar TowerRadar Tower
    5. HippocampusHippocampus ×3
    6. Wind
    7. Mex
    8. HippocampusHippocampus ×2
    9. SyracusiaSyracusiadone 4:14 · typical 5:06
    10. Wind
    11. Mex
    12. Legion DroneLegion Drone
    13. Construction ShipCon ship
    14. Naval Radar / Sonar TowerNaval Radar / Sonar Tower
    15. Converter
    16. ArgonautArgonaut
    17. Legion DroneLegion Drone
    18. ArgonautArgonaut
    19. Con turret
  4. 4

    5:00 to 10:00

    Economy
    • Metal Extractor1Mex−2 vs standard
    • Wind Turbine15Wind+4 vs standard
    • Energy Converter3Converter+3 vs standard
    • Energy Storage1Energy storage
    Order
    1. Geothermal PowerplantGeo after 9 mex, 10 wind, 3 converter
    Builders
    • Construction Turret2 Con turret
    • Dionysus1 Dionysus
    Army
    • Pharos1 Pharos −3 vs standard
    • Legion Drone10 Legion Drone

    Some games also: con ship (45%) · Stheno (30%) · Hippocampus (30%)

    The standard build makes here, this one skips: 2 Bramble

    By 10:00 in all: 9 mex · 19 wind · 1 solar · 1 geo · 5 converter · 1 energy storage

    The example game in this phase · 175 steps
    1. SyracusiaSyracusia
    2. Legion DroneLegion Drone ×2
    3. Construction ShipCon ship
    4. Wind
    5. Tidal
    6. IapetusIapetus
    7. Legion DroneLegion Drone ×2
    8. Wind ×3
    9. ArgonautArgonaut
    10. Wind
    11. Legion DroneLegion Drone
    12. Wind
    13. Mex
    14. Legion DroneLegion Drone
    15. ArgonautArgonaut
    16. Legion DroneLegion Drone
    17. Wind
    18. SyracusiaSyracusia
    19. Wind ×2
    20. Energy storage
    21. Legion DroneLegion Drone
    22. Wind
    23. KeteaSubmarine
    24. Advanced Metal ExtractorT2 mexdone 9:11 · typical 9:11
    25. Legion DroneLegion Drone
    26. KeteaSubmarine
    27. Wind
    28. Legion DroneLegion Drone
    29. Mex
    30. KeteaSubmarine
    31. Legion DroneLegion Drone ×2
    32. Wind
    33. Geothermal PowerplantGeodone 10:04 · typical 7:51
    34. Naval Radar / Sonar TowerNaval Radar / Sonar Tower
    35. KeteaSubmarine
    36. Legion DroneLegion Drone ×2
    37. KeteaSubmarine
    38. Legion DroneLegion Drone ×2
    39. KeteaSubmarine
    40. SyracusiaSyracusia
    41. Advanced Metal ExtractorT2 mex
    42. Legion DroneLegion Drone
    43. HippocampusHippocampus
    44. IapetusIapetus
    45. Naval Radar / Sonar TowerNaval Radar / Sonar Tower
    46. HippocampusHippocampus ×3
    47. BrambleBramble
    48. Advanced Metal ExtractorT2 mex
    49. Legion DroneLegion Drone ×2
    50. HippocampusHippocampus
    51. Legion DroneLegion Drone
    52. HippocampusHippocampus ×2
    53. BrambleBramble
    54. HippocampusHippocampus
    55. Legion DroneLegion Drone ×3
    56. HippocampusHippocampus
    57. PharosPharos
    58. HippocampusHippocampus
    59. Naval Radar / Sonar TowerNaval Radar / Sonar Tower
    60. HippocampusHippocampus
    61. PharosPharos
    62. Legion DroneLegion Drone
    63. HippocampusHippocampus
    64. Legion DroneLegion Drone
    65. HippocampusHippocampus
    66. Legion DroneLegion Drone
    67. HippocampusHippocampus
    68. Radar TowerRadar Tower
    69. HippocampusHippocampus
    70. Mex
    71. Legion DroneLegion Drone
    72. HippocampusHippocampus
    73. Converter
    74. Legion DroneLegion Drone
    75. HippocampusHippocampus
    76. Legion DroneLegion Drone
    77. HippocampusHippocampus
    78. Naval Radar / Sonar TowerNaval Radar / Sonar Tower
    79. HippocampusHippocampus
    80. Legion DroneLegion Drone
    81. HippocampusHippocampus
    82. Converter
    83. Legion DroneLegion Drone
    84. HippocampusHippocampus
    85. Legion DroneLegion Drone
    86. HippocampusHippocampus ×2
    87. Legion DroneLegion Drone
    88. Converter
    89. HippocampusHippocampus
    90. Legion DroneLegion Drone
    91. HippocampusHippocampus
    92. Legion DroneLegion Drone
    93. Naval Construction Turret
    94. HippocampusHippocampus
    95. Converter
    96. Legion DroneLegion Drone
    97. Naval Construction Turret
    98. Legion DroneLegion Drone ×2
    99. HippocampusHippocampus
    100. Wind
    101. Converter
    102. HippocampusHippocampus
    103. Wind
    104. Naval Construction Turret
    105. HippocampusHippocampus
    106. Wind
    107. Advanced Metal ExtractorT2 mex
    108. Legion DroneLegion Drone
    109. HippocampusHippocampus
    110. Legion DroneLegion Drone
    111. Advanced ShipyardAdvanced Shipyarddone 13:34
    112. HippocampusHippocampus
    113. Wind
    114. Legion DroneLegion Drone
    115. Converter
    116. HippocampusHippocampus
    117. Wind
    118. HippocampusHippocampus
    119. Legion DroneLegion Drone ×2
    120. Wind
    121. Converter
    122. Legion DroneLegion Drone
    123. HippocampusHippocampus
    124. Wind
    125. HippocampusHippocampus
    126. Wind
    127. Legion DroneLegion Drone
    128. HippocampusHippocampus
    129. Legion DroneLegion Drone
    130. Converter
    131. Wind
    132. HippocampusHippocampus
    133. Legion DroneLegion Drone
    134. HippocampusHippocampus
    135. Wind
    136. HippocampusHippocampus ×2
    137. Legion DroneLegion Drone
    138. HippocampusHippocampus
    139. Advanced Metal ExtractorT2 mex
    140. Converter
    141. Legion DroneLegion Drone
    142. Wind
    143. Legion DroneLegion Drone
    144. HippocampusHippocampus
    145. Wind
    146. HippocampusHippocampus
    147. Advanced Construction SubmarineAdvanced Construction Submarine
    148. Naval Construction Turret
    149. Wind
    150. Legion DroneLegion Drone
    151. Converter
    152. Wind
    153. HippocampusHippocampus
    154. Wind
    155. Naval Construction Turret
    156. Legion DroneLegion Drone
    157. Wind
    158. HippocampusHippocampus
    159. Converter
    160. Naval Construction Turret
    161. Wind
    162. Advanced Metal ExtractorT2 mex
    163. HippocampusHippocampus
    164. Legion DroneLegion Drone
    165. Wind
    166. ArtifexArtifex
    167. Wind
    168. HippocampusHippocampus
    169. Converter
    170. Advanced Underwater Metal ExtractorAdvanced Underwater Metal Extractornot finished by 15:00
    171. ArtifexArtifex
    172. Wind
    173. HippocampusHippocampus
    174. ArtifexArtifex
    175. HippocampusHippocampus

Counts are medians over the build's games: half of them build more, half fewer. The example game is PRO_Rerory's (50 OS, 06/09/2026); pick another.

Team trades

IN AT LEAST 30% OF ITS GAMES

You hand over

  • Wind Turbine2 Wind to Airfirst at 1:38 · in 60% of games

You get

  • Finch1 Finch from Airfirst at 1:47 · in 45% of games
  • Hercules1 Light transport from Airfirst at 2:10 · in 30% of games
  • Advanced Construction Bot1 T2 con bot from Techfirst at 7:32 · in 70% of games

How it plays out

Typical game of this build, running totals by minute

Metal produced

010k20k30k
0:005:0010:0015:00

metal

Enemy metal destroyed

05k10k
0:005:0010:0015:00

metal

Own metal lost

02k4k
0:005:0010:0015:00

metal

20 games.

Show as table
ByMetal produced: This buildEnemy metal destroyed: This buildOwn metal lost: This build
1:0039700
2:0092800
3:00162100
4:0028335251
5:00399518362
6:005325565124
7:006791603176
8:0082851412345
9:00102131702419
10:00122262348918
11:001452333851656
12:001734337762213
13:002005253902343
14:002349770313351
15:002767597993665
WHAT THE NUMBERS SAY

Standard geo sea sits near an even split on wins while destroying more metal than it loses by 15:00, typical for a contested sea role.

  • + Enemy metal destroyed reaches 7775 by 15:00 against 4863 lost.
  • + Syracusia dominates army composition at 43%, showing a clear naval focus.
  • − Team win rate is only 47%, essentially a coin flip.
  • − T2 factory only completes in 32% of games, so tech transition often stalls.
THE EXAMPLE YOU ARE READING

PRO_Rerory

50.0 OS · 06/09/2026

Open source match ↗

3 received units · includes a constructor
157 metal received · 94281 energy received

Allied construction assistance is unknown. Timings are observations, not a promise of solo reproducibility.

Typical milestones

Legion Bot Lab1:07Middle 50%: 1:04–1:13 · n=20
Shipyard3:06Middle 50%: 2:36–3:52 · n=20
Syracusia5:06Middle 50%: 4:36–5:55 · n=20
Geothermal Powerplant7:51Middle 50%: 6:58–10:12 · n=20
Advanced Metal Extractor9:11Middle 50%: 8:42–9:28 · n=13

Played most by

KingBenjai8games of this buildHighlyRegarded2games of this buildPRO_Rerory2games of this buildRysica2games of this buildarmjanus1game of this build